 Dungeon Crawl Stone Soup version 0.23-a0-321-g6bcb69f (webtiles) character file.

277 Ijustatesigmund the Stinger (level 6, -10/36 HPs)
             Began as an Octopode Wizard on Oct 15, 2018.
             Mangled by Duvessa
             ... wielding a +0 short sword
              (13 damage)
             ... on level 4 of the Dungeon.
             The game lasted 00:08:19 (2903 turns).

Ijustatesigmund the Stinger (Octopode Wizard)       Turns: 2903, Time: 00:08:20

Health: -10/36     AC:  1    Str:  6    XL:     6   Next: 26%
Magic:  1/10       EV: 19    Int: 20    God:
Gold:   136        SH:  0    Dex: 18    Spells: 2/11 levels left

rFire    . . .     SeeInvis .   d - +0 mace
rCold    + . .     Gourm    .   (no shield)
rNeg     . . .     Faith    .   a - +0 hat
rPois    .         Spirit   .   j - amulet of the acrobat
rElec    .         Reflect  .   i - ring of protection from cold
rCorr    .         Harm     .   (no ring)
MR       .....                  (no ring)
Stlth    ++++......             (no ring)
HPRegen  0.12/turn              (no ring)
MPRegen  0.12/turn              (no ring)
                                (no ring)
                                (no ring)

@: agile
A: almost no armour, stealthy swim, amphibious, 8 rings, constrict 8, camouflage
1, gelatinous body 1
a: no special abilities


You were on level 4 of the Dungeon.
You were not hungry.

You visited 1 branch of the dungeon, and saw 4 of its levels.

You collected 136 gold pieces.

Inventory:

Hand Weapons
 d - a +0 mace (weapon)
Armour
 a - a +0 hat (worn)
 m - a +0 shield
Jewellery
 i - a ring of protection from cold (left tentacle)
 j - an amulet of the acrobat (around mantle)
Wands
 g - a wand of polymorph (6)
Scrolls
 b - a scroll of amnesia
 f - a scroll of remove curse
 n - a scroll of identify
Potions
 e - 2 potions of brilliance
Comestibles
 c - 6 rations
 o - 2 chunks of flesh


   Skills:
 - Level 2.0 Dodging
 - Level 2.6 Stealth
 - Level 3.0 Spellcasting
 - Level 2.2 Conjurations
 + Level 2.6 Hexes
   Level 1.0 Summonings
 - Level 2.2 Translocations
 - Level 2.3 Air Magic
 + Level 3.8 Poison Magic


You had 2 spell levels left.
You knew the following spells:

 Your Spells              Type           Power        Failure   Level  Hunger
a - Magic Dart            Conj           ##..         5%          1    None
b - Blink                 Tloc           N/A          9%          2    ##.....
c - Mephitic Cloud        Conj/Pois/Air  ##......     14%         3    ###....
d - Dazzling Spray        Conj/Hex       ##....       16%         3    ###....

Your spell library contained the following spells:

 Spells                   Type           Power        Failure   Level  Hunger
 Corona                   Hex            ##.....      4%          1    None
 Slow                     Hex            ##......     8%          2    ##.....
 Ensorcelled Hibernation  Hex/Ice        #.....       13%         2    ##.....
 Call Imp                 Summ           #.......     14%         2    ##.....
 Confuse                  Hex            ##......     14%         3    ###....
 Tukima's Dance           Hex            ##......     14%         3    ###....
 Conjure Flame            Conj/Fire      #.......     26%         3    ###....


Dungeon Overview and Level Annotations

Branches:
Dungeon (4/15)
 Temple: D:4-7

Altars:

Annotations:
D:3 Jessica
D:4 Dowan, Duvessa


Innate Abilities, Weirdness & Mutations

You cannot wear most types of armour.
You are very stealthy in the water. (Stealth+)
You are amphibious.
You can wear up to eight rings at the same time.
You can use your tentacles to constrict eight enemies at once.
Your skin changes colour to match your surroundings (Stealth+).
Your rubbery body absorbs attacks. (AC +1, EV +1)


Message History

Confirm with . or Enter, or press ? or * to list all spells.
You don't have enough magic to cast that spell.
Okay, then.
Okay, then.
Evoke which item? (* to show all) (? for menu, Esc to quit)
Aiming: Polymorph
Press: ? - help, Shift-Dir - straight line, f - Duvessa
Aim: Duvessa, wielding a +0 short sword and wearing a +0 leather armour Duvessa easily resists.
Casting: Blink (safe; 9% risk of failure)
Confirm with . or Enter, or press ? or * to list all spells.
You blink.
Duvessa says, "My weaknesses are his strengths!"
Dowan gestures wildly while chanting.
Dowan blinks!
Duvessa hits you but does no damage.
There is a stone staircase leading up here.
Duvessa says, "I don't care about looks, I care about technique!"
Duvessa hits you with a +0 short sword!
You die...

#####+##
#......#
#......#
#......#
#...@..#
##..e..#
#..(..###
#.....e.#
##......#
#......#
#......#
#......#
#......#


You could see Duvessa and Dowan.

Vanquished Creatures
  Sigmund (D:3)
  6 adders (D:2)
  A dart slug (D:2)
  2 leopard geckos
  4 orcs (D:3)
  5 giant cockroaches
  5 goblins
  8 hobgoblins
  4 jackals (D:2)
  6 kobolds
  A quokka (D:2)
  A ball python (D:2)
  8 bats
  3 frilled lizards
  3 rats
58 creatures vanquished.

Notes
Turn   | Place    | Note
-------+----------+-------------------------------------------
     0 | D:1      | Ijustatesigmund the Octopode Wizard began the quest for the
                  | Orb.
     0 | D:1      | Reached XP level 1. HP: 11/11 MP: 4/4
   364 | D:1      | Reached XP level 2. HP: 17/17 MP: 4/6
   401 | D:1      | Learned a level 2 spell: Blink
   873 | D:1      | Reached XP level 3. HP: 21/21 MP: 4/7
  1232 | D:2      | Learned a level 3 spell: Mephitic Cloud
  1366 | D:2      | Reached skill level 1 in Air Magic
  1380 | D:2      | Reached skill level 1 in Poison Magic
  1380 | D:2      | Reached XP level 4. HP: 11/27 MP: 0/8
  1620 | D:2      | HP: 1/27 [adder (4)]
  1833 | D:2      | Learned a level 3 spell: Dazzling Spray
  2574 | D:3      | Reached XP level 5. HP: 31/31 MP: 3/9
  2650 | D:3      | Noticed Sigmund
  2664 | D:3      | Killed Sigmund
  2664 | D:3      | Reached XP level 6. HP: 31/36 MP: 5/10
  2860 | D:3      | Noticed Jessica
  2879 | D:4      | Noticed Duvessa
  2879 | D:4      | Noticed Dowan
  2903 | D:4      | Mangled by Duvessa

Vault maps used:
D:1:      lightli_arrival_isolated_outpost, minmay_liquid_box
D:2:      hangedman_decor_slide_cut, corner_web_ring, minmay_split_cup_large
D:3:      chequers_ecumenical_altar_twisty, doesnt_xom_only_xom, uniq_sigmund,
          uniq_jessica, uniq_grinder
D:4:      first_ration, grunt_ministairs_2, roderic_batcave, uniq_duvessa,
          uniq_robin, uniq_menkaure

Skill      XL: |  1  2  3  4  5 |
---------------+----------------+-----
Conjurations   | 2 |  2.2
Translocations | 2 |  2.2
Air Magic      | 1 2 |  2.3
Poison Magic   | 1 3 |  3.8
Hexes          | 2 |  2.6
Dodging        | |  2.0
Stealth        | |  2.6
Spellcasting   | |  3.0
Summonings     | |  1.0

Action                   |  1- 3 |  4- 6 || total
-------------------------+-------+-------++-------
Melee: Unarmed           |    13 |       ||    13
       Constrict         |     6 |    10 ||    16
       Tentacles         |     3 |     4 ||     7
       Short sword       |     8 |    10 ||    18
       Mace              |       |    25 ||    25
 Cast: Magic Dart        |    63 |    71 ||   134
       Mephitic Cloud    |       |     1 ||     1
       Blink             |       |     2 ||     2
Evoke: Wand              |       |     1 ||     1
  Use: Scroll            |       |     8 ||     8
       Potion            |       |     4 ||     4
 Stab: Sleeping          |     1 |       ||     1
       Confused          |       |     1 ||     1
  Eat: Chunk             |     1 |     5 ||     6
Armor: Skin              |     1 |     4 ||     5
Dodge: Dodged            |    22 |    37 ||    59

Table legend:
 A = Non-vault XP
 B = Vault XP
 C = Vault XP percentage of total XP
 D = Non-vault monster count
 E = Vault monster count
 F = Vault count percentage of total count
                 A         B        C        D         E       F
            +---------+---------+-------+---------+---------+-------
      Total |     167 |     230 |  57.9 |      53 |       5 |   8.6
            +---------+---------+-------+---------+---------+-------
        D:1 |      40 |       0 |   0.0 |      23 |       0 |   0.0
        D:2 |     112 |      10 |   8.2 |      24 |       4 |  14.3
        D:3 |      15 |     220 |  93.6 |       6 |       1 |  14.3
            +---------+---------+-------+---------+---------+-------
